 Dungeon Crawl Stone Soup version 0.29.1-15-g9cfb28693d (webtiles) character file.

Game seed: 9970429008735499077

3 Sharkman1231 the Magician (level 1, 0/15 HPs)
             Began as a Demonspawn Wanderer on Apr 18, 2023.
             Slain by a bat (1 damage)
             ... on level 1 of the Dungeon.
             The game lasted 00:00:10 (121 turns).

Sharkman1231 the Magician (Demonspawn Wanderer)      Turns: 121, Time: 00:00:10

Health: 0/15       AC:  2    Str: 13    XL:     1   Next: 41%
Magic:  5/5        EV: 11    Int: 14    God:
Gold:   0          SH:  0    Dex: 10    Spells: 8/8 levels left

rFire   . . .      SeeInvis .   a - +0 club
rCold   . . .      Faith    .   (no shield)
rNeg    . . .      Spirit   .   c - +0 robe
rPois   .          Reflect  .   (no helmet)
rElec   .          Harm     .   (no cloak)
rCorr   .          Rampage  .   (no gloves)
Will    .....                   (no boots)
Stlth   +.........              (no amulet)
HPRegen 0.05/turn               (no ring)
MPRegen 0.09/turn               (no ring)

@: no status effects
A: no striking features
a: no special abilities


You were on level 1 of the Dungeon.
You visited 1 branch of the dungeon, and saw 1 of its levels.

Inventory:

Hand Weapons
 a - a +0 club (weapon)
Armour
 c - a +0 robe (worn)
Wands
 d - a wand of polymorph (3) (quivered)
Potions
 b - a potion of invisibility
 e - 2 potions of cancellation {unknown}
 f - a potion of flight {unknown}


   Skills:
 + Level 1.5 Fighting
 - Level 1.0 Stealth
 - Level 4.0 Spellcasting
 - Level 1.1 Necromancy
 - Level 2.0 Evocations


You had 8 spell levels left.
You didn't know any spells.
Your spell library contained the following spells:

 Spells                   Type           Power      Damage    Failure   Level
 Necrotise                Necr           20%        1d5       12%         1
 Beastly Appendage        Tmut           4%         N/A       19%         1
 Sandblast                Erth           4%         2d4       19%         1
 Passwall                 Tmut/Erth      1%         N/A       28%         2
 Vampiric Draining        Necr           5%         2d6       36%         3
 Gell's Gravitas          Tloc           2%         N/A       50%         3


Dungeon Overview and Level Annotations

Branches:
Dungeon (1/15)

Altars:


Message History

e - 2 emerald potions (gained 1)
A bat and an endoplasm come into view.
There are monsters nearby!
There are monsters nearby!
There are monsters nearby!
A ball python comes into view.
The endoplasm quivers.
The ball python hisses angrily.
The bat hits you but does no damage. The endoplasm closely misses you.
You hit the endoplasm.
The endoplasm is lightly wounded.
The bat hits you but does no damage. x2
The endoplasm hits you but does no damage.
You hit the endoplasm.
The endoplasm is almost dead.
The bat hits you but does no damage. The endoplasm freezes you.
You are frozen.
The ball python bites you. The ball python grabs you.
The ball python constricts you.
You closely miss the ball python. The bat hits you but does no damage.
The endoplasm hits you. The ball python bites you.
The ball python constricts you.
You barely miss the ball python. The bat hits you but does no damage.
The bat completely misses you. The endoplasm freezes you.
You are frozen.
The ball python barely misses you. The ball python constricts you.
The ball python bites you.
* * * LOW HITPOINT WARNING * * *
The ball python constricts you. The endoplasm barely misses you.
Unknown command.
You escape the ball python's grasp.
The endoplasm attacks as you move away! The endoplasm barely misses you.
The bat attacks as you move away! The bat hits you but does no damage. x2
The ball python misses you. The ball python grabs you.
The ball python constricts you.
* * * LOW HITPOINT WARNING * * *
You escape the ball python's grasp.
The endoplasm attacks as you move away! The endoplasm barely misses you.
The bat attacks as you move away! The bat hits you.
You die...

#.###.........#
#.##..........#
#.##....#######
########.......#######
.....................#######
####.#.##.....#####........
...#.#.##.##### ##†###+##
..........J### #...#...#
##.......Sb@.# #...#~.~#
........#.#### #...#~.~#
#......##.. #...#~.≈#
#...... #### #...#~.~#
######. #...#~.~# #.
#...#...# #........
#..(..... #........


You could see an endoplasm, a bat and a ball python.

Vanquished Creatures
  A dart slug (D:1)
  A rat (D:1)
2 creatures vanquished.

Notes
Turn   | Place    | Note
-------+----------+-------------------------------------------
     0 | D:1      | Sharkman1231 the Demonspawn Wanderer began the quest for
                  | the Orb.
     0 | D:1      | Sharkman1231 set off with the following items: a +0 club, a
                  | potion of invisibility, a +0 robe, a wand of polymorph (3);
                  | and the following spells available to memorise: Necrotise,
                  | Beastly Appendage, Sandblast, Passwall, Vampiric Draining,
                  | Gell's Gravitas.
     0 | D:1      | Reached XP level 1. HP: 15/15 MP: 5/5
   121 | D:1      | Slain by a bat

Illustrated notes

Levels and vault maps discovered:
D:1:      lightli_arrival_quake, layout_basic

Action                   || total
-------------------------++-------
Melee: Club              ||    14
       Punch             ||     1
Armor: Robe              ||    10
Dodge: Dodged            ||    12
